 Dungeon Crawl Stone Soup version 0.30-b1-2-g02819fbbbe (webtiles) character file.

Game seed: 15103914899160088134

9 Alarkh the Trooper (level 2, 24/24 HPs)
             Began as a Demonspawn Chaos Knight on May 21, 2023.
             Was a Plaything of Xom.
             Got out of the dungeon alive.
             The game lasted 00:00:33 (590 turns).

Alarkh the Trooper (Demonspawn Chaos Knight)         Turns: 590, Time: 00:00:33

Health: 24/24      AC:  8    Str: 12    XL:     2   Next: 3%
Magic:  2/2        EV: 11    Int: 13    God:    Xom [...*..]
Gold:   13         SH:  0    Dex: 12    Spells: 1/1 levels left

rFire   + .          .
                       - Unarmed
rCold   . . .        (no shield)
rNeg    . . .        a - +2 leather armour
rPois   .            (helmet restricted)
rElec   .            (no cloak)
rCorr   .            e - +2 pair of gloves
SInv    .            (no boots)
Will    .....        (no amulet)
Stlth   +            c - ring of protection from fire
HPRegen 0.24/turn    (no ring)
MPRegen 0.08/turn

%: no passive effects
@: no status effects
A: horns 1
a: Renounce Religion


You escaped.
You worshipped Xom.
You were a favourite toy of Xom.
You visited 1 branch of the dungeon, and saw 1 of its levels.

You collected 13 gold pieces.

Inventory:

Armour
 a - a +2 leather armour (worn)
 e - a +2 pair of gloves (worn)
 h - an orb of guile
Jewellery
 c - a ring of protection from fire (left hand)
Scrolls
 f - 3 scrolls of summoning {unknown}
 g - a scroll of enchant weapon {unknown}
 i - a scroll of poison {unknown}
Potions
 d - 2 potions of brilliance {unknown}
Miscellaneous
 b - a piece from Xom's chessboard (15/15) (quivered)


   Skills:
 + Level 3.1 Fighting
 - Level 1.7 Armour
 + Level 1.1 Dodging
 * Level 3.0 Unarmed Combat


You had one spell level left.
You didn't know any spells.
Your spell library was empty.

Dungeon Overview and Level Annotations

Branches:
Dungeon (1/15)

Altars:


Innate Abilities, Weirdness & Mutations

You have a pair of small horns on your head.


Message History

The hobgoblin hits you.
You barely miss the hobgoblin.
The hobgoblin is lightly wounded.
The hobgoblin misses you.
You hit the hobgoblin.
The hobgoblin is almost dead.
The hobgoblin barely misses you.
You closely miss the hobgoblin.
The hobgoblin is almost dead.
The hobgoblin closely misses you.
You barely miss the hobgoblin.
The hobgoblin is almost dead.
The hobgoblin hits you.
A hobgoblin is nearby!
A hobgoblin is nearby!
You closely miss the hobgoblin.
The hobgoblin is almost dead.
The hobgoblin hits you but does no damage.
You closely miss the hobgoblin.
The hobgoblin is almost dead.
The hobgoblin barely misses you.
You barely miss the hobgoblin.
The hobgoblin is almost dead.
The hobgoblin barely misses you.
You hit the hobgoblin but do no damage.
The hobgoblin is almost dead.
The hobgoblin hits you but does no damage.
You closely miss the hobgoblin.
The hobgoblin is almost dead.
The hobgoblin barely misses you.
You hit the hobgoblin.
You kill the hobgoblin!
You have reached level 2!
Your demonic ancestry asserts itself...
A pair of horns grows on your head!
Unknown command.
There is a large open door here.
There is a staircase leading out of the dungeon here.
Are you sure you want to leave the Dungeon?
This will make you lose the game!
You have escaped!

#......#######...#.##.
##..P...## ##..#.#
#...♣...#P#######.#.#
#....[♣.#♣.'.P###...#
#....♣P.#.P#.♣P###..#
##......####..P# ##.# #####
#####......P.#P..P# #.###...##
...##.P......'...♣# +.....P..##
##.##..♣.♣...'..@P# ,+..#.♣♣♣..#
#.#...P.P...#...♣# #..#..♣♣♣.##
#.........####..♣# ##....P♣P...#
###......(#P.#.PP###.#.##...##.#
#.....♣.#..'.P###..#.#######.#
#...♣...#♣#######.##.# #.#
###.♣P.P# ##..##.# #.#
#....P#######..###.# #.#
#....###......## #.#######.#


There were no monsters in sight!

Vanquished Creatures
  3 hobgoblins (D:1)
  A bat (D:1)
  A frilled lizard (D:1)
  3 kobolds (D:1)
8 creatures vanquished.

Notes
Turn   | Place    | Note
-------+----------+-------------------------------------------
     0 | D:1      | Alarkh the Demonspawn Chaos Knight began the quest for the
                  | Orb.
     0 | D:1      | Reached XP level 1. HP: 18/18 MP: 1/1
   144 | D:1      | XOM: divination: magic mapping
   218 | D:1      | XOM: 1-stop teleportation journey
   281 | D:1      | XOM: divination: detect items
   348 | D:1      | Reached skill level 1 in Dodging
   565 | D:1      | Gained mutation: You have a pair of small horns on your
                  | head. [demonic ancestry]
   565 | D:1      | Reached XP level 2. HP: 24/24 MP: 2/2
   590 | D:$      | Got out of the dungeon alive.

Illustrated notes

Levels and vault maps discovered:
D:1:      denvon_arrival_planthouse, layout_loops_ring, serial_forest,
          infiniplex_forest_straight_4, infiniplex_forest_side_room,
          infiniplex_forest_end_1, infiniplex_forest_straight_4,
          infiniplex_forest_lined_corner, infiniplex_forest_clump_small,
          infiniplex_forest_straight_4, infiniplex_forest_lined_corner

Skill      XL: |  1 |
---------------+----+-----
Dodging        | 1 |  1.1
Unarmed Combat | 3 |  3.0
Fighting       | |  3.1
Armour         | |  1.7

Action                     || total
---------------------------++-------
  Melee: Unarmed           ||    51
         Punch             ||     1
 Armour: Leather armour    ||    21
  Dodge: Dodged            ||    37
